PAAA
SALT LAKE CITY BUZZ @ THOMASVILLE LOOKOUTS
08/15/2017
 
TOP OF THE 1ST
Salt Lake City Buzz batting - Pitching for Thomasville Lookouts : RHP Jim Unknown
Pitching: RHP Jim Unknown
Batting: RHB Jim Coffey 0-0: Ground out 5-3 (Groundball, 5)
Batting: LHB Martín Núñes 0-0: Ball
1-0: Called Strike
1-1: Ball
2-1: Fly out, F9 (Popup, 34D)
Batting: RHB Jack Alexander 0-0: Ball
1-0: Ball
2-0: Called Strike
2-1: Ground out 5-3 (Groundball, 5)
Top of the 1st over - 0 run(s), 0 hit(s), 0 error(s), 0 left on base; Salt Lake City 0 - Thomasville 0
BOTTOM OF THE 1ST
Thomasville Lookouts batting - Pitching for Salt Lake City Buzz : RHP Fred Pitts
Pitching: RHP Fred Pitts
Batting: RHB Jim Unknown 0-0: Ball
1-0: Called Strike
1-1: Foul Ball, location: 2F
1-2: Ball
2-2: Ball
3-2: Base on Balls
Batting: RHB Jim Unknown 0-0: Called Strike
0-1: Ball
1-1: Ball
2-1: Ball
3-1: Base on Balls
Jim Unknown to second
Batting: RHB Jim Unknown 0-0: Ball
1-0: Ball
2-0: Swinging Strike
2-1: Swinging Strike
2-2: Ball
3-2: Base on Balls
Jim Unknown to third
Jim Unknown to second
Batting: RHB Jim Unknown 0-0: Ball
1-0: Ball
2-0: Ball
3-0: Base on Balls
Jim Unknown scores
Jim Unknown to third
Jim Unknown to second
Batting: RHB Javier González 0-0: Foul Ball, location: 2F
0-1: Swinging Strike
0-2: Ball
1-2: Strikes out swinging
Batting: LHB Pat Carrasco 0-0: Called Strike
0-1: Swinging Strike
0-2: Strikes out swinging
Batting: RHB Dave Rogers 0-0: Foul Ball, location: 2F
0-1: Ball
1-1: Ball
2-1: Ball
3-1: Base on Balls
Jim Unknown scores
Jim Unknown to third
Jim Unknown to second
Batting: SHB Jim Unknown 0-0: Ball
1-0: Swinging Strike
1-1: Foul Ball, location: 2F
1-2: Foul Ball, location: 2F
1-2: Ball
2-2: Ball
3-2: Base on Balls
Jim Unknown scores
Jim Unknown to third
Dave Rogers to second
Batting: RHB Jim Unknown 0-0: Ball
1-0: Ground out 5-3 (Groundball, 5)
Bottom of the 1st over - 3 run(s), 0 hit(s), 0 error(s), 3 left on base; Salt Lake City 0 - Thomasville 3
TOP OF THE 2ND
Salt Lake City Buzz batting - Pitching for Thomasville Lookouts : RHP Jim Unknown
Batting: LHB Fernando González 0-0: Ball
1-0: SOLO HOME RUN (Flyball, 7D), Distance : 394 ft
Batting: RHB Jason Delaney 0-0: Ball
1-0: Foul Ball, location: 2F
1-1: Foul Ball, location: 2F
1-2: Strikes out looking
Batting: RHB Archie Green 0-0: Called Strike
0-1: Called Strike
0-2: Fly out, F6 (Popup, 6MS)
Batting: RHB Ugo Brandini 0-0: Ball
1-0: Fly out, F6 (Popup, 5L)
Top of the 2nd over - 1 run(s), 1 hit(s), 0 error(s), 0 left on base; Salt Lake City 1 - Thomasville 3
BOTTOM OF THE 2ND
Thomasville Lookouts batting - Pitching for Salt Lake City Buzz : RHP Fred Pitts
Batting: RHB Jim Unknown 0-0: SINGLE (Groundball, 6MD)
Batting: RHB Jim Unknown 0-0: Ball
1-0: Called Strike
1-1: Ball
2-1: Ball
3-1: Base on Balls
Jim Unknown to second
Batting: RHB Jim Unknown 0-0: SINGLE (Line Drive, 56D)
Jim Unknown to third
Jim Unknown to second
Batting: RHB Jim Unknown 0-0: Ball
1-0: Foul Ball, location: 2F
1-1: Ball
2-1: SINGLE (Groundball, 56)
Jim Unknown scores
Jim Unknown to third
Jim Unknown to second
Runner from 3rd tries for Home, SAFE, throw made home
Pitching: RHP Jeffrey Mack
Batting: RHB Javier González 0-0: Grounds into double play, 6-4-3 (Groundball, 6)
Jim Unknown to third
Batting: LHB Pat Carrasco 0-0: Called Strike
0-1: Swinging Strike
0-2: Foul Ball, location: 2F
0-2: Ball
1-2: Ball
2-2: 2-RUN HOME RUN (Flyball, 9LD), Distance : 335 ft
Batting: RHB Dave Rogers 0-0: SINGLE (Line Drive, 56)
Batting: SHB Jim Unknown 0-0: Fly out, F7 (Flyball, 7LS)
Bottom of the 2nd over - 4 run(s), 5 hit(s), 0 error(s), 1 left on base; Salt Lake City 1 - Thomasville 7
TOP OF THE 3RD
Salt Lake City Buzz batting - Pitching for Thomasville Lookouts : RHP Jim Unknown
Batting: RHB John Ramsey 0-0: Swinging Strike
0-1: Foul Ball, location: 2F
0-2: Foul Ball, location: 2F
0-2: Ball
1-2: Ball
2-2: Ground out 6-3 (Groundball, 6)
Batting: LHB Chris Stoltzfus 0-0: Ball
1-0: Foul Ball, location: 2F
1-1: Ball
2-1: Called Strike
2-2: Foul Ball, location: 2F
2-2: Foul Ball, location: 2F
2-2: Ball
3-2: Fly out, F9 (Flyball, 89M)
Batting: RHB Jim Coffey 0-0: Swinging Strike
0-1: Called Strike
0-2: Foul Ball, location: 2F
0-2: Strikes out looking
Top of the 3rd over - 0 run(s), 0 hit(s), 0 error(s), 0 left on base; Salt Lake City 1 - Thomasville 7
BOTTOM OF THE 3RD
Thomasville Lookouts batting - Pitching for Salt Lake City Buzz : RHP Jeffrey Mack
Batting: RHB Jim Unknown 0-0: Fly out, F8 (Line Drive, 89S)
Batting: RHB Jim Unknown 0-0: Called Strike
0-1: Called Strike
0-2: Ball
1-2: Foul Ball, location: 2F
1-2: Ball
2-2: SINGLE (Line Drive, 8RS)
Batting: RHB Jim Unknown 0-0: Ball
1-0: Foul Ball, location: 2F
1-1: Foul Ball, location: 2F
1-2: Fly out, F7 (Flyball, 7M)
Batting: RHB Jim Unknown 0-0: Fly out, F6 (Popup, 6MS)
Bottom of the 3rd over - 0 run(s), 1 hit(s), 0 error(s), 1 left on base; Salt Lake City 1 - Thomasville 7
TOP OF THE 4TH
Salt Lake City Buzz batting - Pitching for Thomasville Lookouts : RHP Jim Unknown
Batting: LHB Martín Núñes 0-0: Foul Ball, location: 2F
0-1: Called Strike
0-2: Strikes out swinging
Batting: RHB Jack Alexander 0-0: Called Strike
0-1: Ball
1-1: Ball
2-1: Called Strike
2-2: Strikes out swinging
Batting: LHB Fernando González 0-0: Ball
1-0: Ball
2-0: Called Strike
2-1: Ball
3-1: Base on Balls
Batting: RHB Jason Delaney 0-0: Swinging Strike
0-1: SINGLE (Groundball, 6MD)
Fernando González to second
Batting: RHB Archie Green 0-0: Called Strike
0-1: Ball
1-1: Called Strike
1-2: Foul Ball, location: 2F
1-2: Fly out, F6 (Line Drive, 6)
Top of the 4th over - 0 run(s), 1 hit(s), 0 error(s), 2 left on base; Salt Lake City 1 - Thomasville 7
BOTTOM OF THE 4TH
Thomasville Lookouts batting - Pitching for Salt Lake City Buzz : RHP Jeffrey Mack
Batting: RHB Jim Unknown 0-0: Called Strike
0-1: Ball
1-1: Ball
2-1: SINGLE (Groundball, 56) (infield hit)
Batting: RHB Javier González 0-0: Called Strike
0-1: Grounds into double play, 5-4-3 (Groundball, 56)
Batting: LHB Pat Carrasco 0-0: Ball
1-0: Foul Ball, location: 2F
1-1: Ball
2-1: Hit by Pitch
Batting: RHB Dave Rogers 0-0: 2-RUN HOME RUN (Flyball, 78XD), Distance : 400 ft
Batting: SHB Jim Unknown 0-0: Fly out, F8 (Flyball, 8LD)
Bottom of the 4th over - 2 run(s), 2 hit(s), 0 error(s), 0 left on base; Salt Lake City 1 - Thomasville 9
TOP OF THE 5TH
Salt Lake City Buzz batting - Pitching for Thomasville Lookouts : RHP Jim Unknown
Batting: RHB Ugo Brandini 0-0: Ball
1-0: Ball
2-0: Swinging Strike
2-1: Foul Ball, location: 2F
2-2: Strikes out swinging
Batting: RHB John Ramsey 0-0: Ball
1-0: Foul Ball, location: 2F
1-1: Called Strike
1-2: Ball
2-2: Foul Ball, location: 2F
2-2: Ball
3-2: Ground out 5-3 (Groundball, 5L)
Batting: LHB Chris Stoltzfus 0-0: Foul Ball, location: 2F
0-1: Ball
1-1: Ball
2-1: Swinging Strike
2-2: Foul Ball, location: 2F
2-2: Strikes out swinging
Top of the 5th over - 0 run(s), 0 hit(s), 0 error(s), 0 left on base; Salt Lake City 1 - Thomasville 9
BOTTOM OF THE 5TH
Thomasville Lookouts batting - Pitching for Salt Lake City Buzz : RHP Jeffrey Mack
Pitching: RHP Mike Hickey
Batting: RHB Jim Unknown 0-0: Called Strike
0-1: Ball
1-1: Ball
2-1: Ball
3-1: Foul Ball, location: 2F
3-2: Base on Balls
Batting: RHB Jim Unknown 0-0: Ball
1-0: Called Strike
1-1: Swinging Strike
1-2: Foul Ball, location: 2F
1-2: Foul Ball, location: 2F
1-2: Ground out 5-3 (Groundball, 5S)
Jim Unknown to second
Batting: RHB Jim Unknown 0-0: Ball
1-0: Ball
2-0: Called Strike
2-1: Ball
3-1: Called Strike
3-2: Foul Ball, location: 2F
3-2: Foul Ball, location: 2F
3-2: Foul Ball, location: 2F
3-2: Base on Balls
Batting: RHB Jim Unknown 0-0: Called Strike
0-1: Foul Ball, location: 2F
0-2: Fly out, F9 (Flyball, 89M)
Batting: RHB Jim Unknown 0-0: Foul Ball, location: 2F
0-1: Fly out, F8 (Line Drive, 8LM)
Bottom of the 5th over - 0 run(s), 0 hit(s), 0 error(s), 2 left on base; Salt Lake City 1 - Thomasville 9
TOP OF THE 6TH
Salt Lake City Buzz batting - Pitching for Thomasville Lookouts : RHP Jim Unknown
Batting: RHB Jim Coffey 0-0: Called Strike
0-1: Ball
1-1: Foul Ball, location: 2F
1-2: Ball
2-2: Foul Ball, location: 2F
2-2: Strikes out swinging
Batting: LHB Martín Núñes 0-0: Ball
1-0: Called Strike
1-1: Ball
2-1: Ground out 6-3 (Groundball, 6M)
Batting: RHB Jack Alexander 0-0: Ball
1-0: Ball
2-0: Ball
3-0: Called Strike
3-1: Foul Ball, location: 2F
3-2: Strikes out swinging
Top of the 6th over - 0 run(s), 0 hit(s), 0 error(s), 0 left on base; Salt Lake City 1 - Thomasville 9
BOTTOM OF THE 6TH
Thomasville Lookouts batting - Pitching for Salt Lake City Buzz : RHP Mike Hickey
Batting: RHB Javier González 0-0: Ball
1-0: Called Strike
1-1: Ball
2-1: Ball
Single, Error in OF, E9, batter to second base
Batting: LHB Pat Carrasco 0-0: Ball
1-0: Ball
2-0: Fly out, F8 (Flyball, 8RD)
Batting: RHB Dave Rogers 0-0: Called Strike
0-1: Ball
1-1: Foul Ball, location: 2F
1-2: Ball
2-2: Foul Ball, location: 2F
2-2: Foul Ball, location: 2F
2-2: Strikes out looking
Batting: SHB Jim Unknown 0-0: Ball
1-0: Foul Ball, location: 2F
1-1: 2-RUN HOME RUN (Flyball, 8LXD), Distance : 429 ft
Batting: RHB Jim Unknown 0-0: SINGLE (Groundball, 4MD)
Pitching: LHP Jim Unknown
Batting: RHB Jim Unknown 0-0: Ball
1-0: Called Strike
1-1: Ball
Balk!
Jim Unknown to second
2-1: Ball
3-1: Base on Balls
Batting: RHB Jim Unknown 0-0: Called Strike
0-1: Ball
1-1: Ball
2-1: Swinging Strike
2-2: Foul Ball, location: 2F
2-2: Foul Ball, location: 2F
2-2: Foul Ball, location: 2F
2-2: Ground out 5-3 (Groundball, 5)
Bottom of the 6th over - 2 run(s), 3 hit(s), 1 error(s), 2 left on base; Salt Lake City 1 - Thomasville 11
TOP OF THE 7TH
Salt Lake City Buzz batting - Pitching for Thomasville Lookouts : RHP Jim Unknown
Batting: LHB Fernando González 0-0: SINGLE (Groundball, 4M)
Batting: RHB Jason Delaney 0-0: Ball
1-0: Ground out 4-3 (Groundball, 13)
Fernando González to second
Batting: RHB Archie Green 0-0: Ball
1-0: Ball
2-0: Ball
3-0: Called Strike
3-1: Base on Balls
Batting: RHB Ugo Brandini 0-0: Foul Ball, location: 2F
0-1: Foul Ball, location: 2F
0-2: Ball
1-2: Strikes out swinging
Batting: RHB John Ramsey 0-0: Ball
1-0: Ball
2-0: Ball
Balk!
Fernando González to third
Archie Green to second
3-0: Called Strike
3-1: Called Strike
3-2: Ground out 1-3 (Groundball, 13S)
Top of the 7th over - 0 run(s), 1 hit(s), 0 error(s), 2 left on base; Salt Lake City 1 - Thomasville 11
BOTTOM OF THE 7TH
Thomasville Lookouts batting - Pitching for Salt Lake City Buzz : LHP Jim Unknown
Batting: RHB Jim Unknown 0-0: Ball
1-0: Ball
2-0: Called Strike
2-1: Ground out 1-3 (Groundball, 15)
Batting: RHB Jim Unknown 0-0: Ball
1-0: Foul Ball, location: 2F
1-1: Called Strike
1-2: Ball
2-2: Ball
3-2: Ground out 2-3 (Groundball, 23)
Batting: RHB Javier González 0-0: Ball
1-0: Ball
2-0: Foul Ball, location: 2F
2-1: Swinging Strike
2-2: Strikes out swinging
Bottom of the 7th over - 0 run(s), 0 hit(s), 0 error(s), 0 left on base; Salt Lake City 1 - Thomasville 11
TOP OF THE 8TH
Salt Lake City Buzz batting - Pitching for Thomasville Lookouts : RHP Jim Unknown
Pitching: RHP Jim Unknown
Batting: LHB Chris Stoltzfus 0-0: Ball
1-0: Ball
2-0: Foul Ball, location: 2F
2-1: Ball
3-1: Called Strike
3-2: SINGLE (Groundball, 34D)
Batting: RHB Jim Coffey 0-0: Fly out, F7 (Popup, 6D)
Batting: LHB Martín Núñes 0-0: Fielders Choice at 2nd, 4-6 (Groundball, 4)
Batting: RHB Jack Alexander 0-0: Ball
1-0: Called Strike
1-1: Fly out, F4 (Line Drive, 4)
Top of the 8th over - 0 run(s), 1 hit(s), 0 error(s), 1 left on base; Salt Lake City 1 - Thomasville 11
BOTTOM OF THE 8TH
Thomasville Lookouts batting - Pitching for Salt Lake City Buzz : LHP Jim Unknown
Batting: LHB Pat Carrasco 0-0: Called Strike
0-1: Ground out 3-1 (Groundball, 34)
Batting: RHB Dave Rogers 0-0: Swinging Strike
0-1: Fly out, F7 (Flyball, 78M)
Batting: SHB Jim Unknown 0-0: Swinging Strike
0-1: Ball
1-1: Swinging Strike
1-2: SINGLE (Groundball, 6MD)
Batting: RHB Jim Unknown 0-0: Ball
1-0: Ball
Error on foul ball, E7
2-1: DOUBLE (Line Drive, 7LD)
Jim Unknown to third
Runner from 3rd tries for Home, SAFE, throw made at trailing runner, SAFE at third!
Batting: RHB Jim Unknown 0-0: Foul Ball, location: 2F
0-1: Swinging Strike
0-2: Strikes out swinging
Bottom of the 8th over - 1 run(s), 2 hit(s), 1 error(s), 1 left on base; Salt Lake City 1 - Thomasville 12
TOP OF THE 9TH
Salt Lake City Buzz batting - Pitching for Thomasville Lookouts : RHP Jim Unknown
Batting: LHB Fernando González 0-0: Ground out U3 (Groundball, 3S)
Pinch Hitting: SHB Alfonso Torres 0-0: Called Strike
0-1: Ball
1-1: Ball
2-1: Foul Ball, location: 2F
2-2: SINGLE (Flyball, 9S)
Batting: RHB Archie Green 0-0: Ball
1-0: Foul Ball, location: 2F
1-1: Fly out, F2 (Popup, 2RF)
Batting: RHB Ugo Brandini 0-0: Called Strike
0-1: Fly out, F7 (Flyball, 7D)
Top of the 9th over - 0 run(s), 1 hit(s), 0 error(s), 1 left on base; Salt Lake City 1 - Thomasville 12
This league is powered by Out of the Park Baseball, the baseball management simulation game for PC, Mac and Linux
Saturday, February 27th, 2021 - OOTP Baseball 15.6 Build 34